 Dungeon Crawl Stone Soup version 0.23.1 (webtiles) character file.

Game seed: 11883234382564012087

21 Borgoz the Sneak (level 2, -1/19 (20) HPs)
             Began as a Ghoul Enchanter on Mar 5, 2019.
             Slain by a hobgoblin
             ... wielding a +0 club
              (4 damage)
             ... on level 1 of the Dungeon.
             The game lasted 00:01:14 (822 turns).

Borgoz the Sneak (Ghoul Enchanter)                   Turns: 822, Time: 00:01:15

HP:   -1/19 (20)    AC:  2    Str: 11    XL:     2   Next: 83%
MP:   0/3           EV: 12    Int: 10    God:
Gold: 51            SH:  0    Dex:  9    Spells: 1/4 levels left

rFire    . . .     SeeInvis .   a - +1 dagger
rCold    + . .     Gourm    .   (no shield)
rNeg     + + +     Faith    .   b - +0 robe
rPois    ∞         Spirit   .   (no helmet)
rElec    .         Reflect  .   (no cloak)
rCorr    .         Harm     .   (no gloves)
MR       .....                  (no boots)
Stlth    ++........             (no amulet)
HPRegen  0.00/turn              f - ring of flight
MPRegen  0.08/turn              h - ring of poison resistance

@: rotting
A: rotting body, claws 1, carnivore, cold resistance 1, negative energy
resistance 3, inhibited regeneration, torment resistance, unbreathing
a: Evoke Flight


You were on level 1 of the Dungeon.
You were not hungry.

You visited 1 branch of the dungeon, and saw 1 of its levels.

You collected 51 gold pieces.

Inventory:

Hand Weapons
 a - a +1 dagger (weapon)
Armour
 b - a +0 robe (worn)
Jewellery
 f - a ring of flight (left claw)
 h - a ring of poison resistance (right claw)
Scrolls
 c - a scroll of teleportation {unknown}
 g - a scroll of remove curse {unknown}
Potions
 e - 2 potions of agility {unknown}
Comestibles
 d - 2 rations


   Skills:
 * Level 1.6 Short Blades
 + Level 2.0 Dodging
 + Level 3.5 Stealth
 - Level 1.7 Spellcasting
 + Level 2.6 Hexes


You had one spell level left.
You knew the following spells:

 Your Spells              Type           Power        Failure   Level  Hunger
a - Corona                Hex            #......      11%         1    ##.....
b - Ensorcelled Hibernat  Hex/Ice        #.....       28%         2    ###....

Your spell library contained the following spells:

 Spells                   Type           Power        Failure   Level  Hunger
 Confuse                  Hex            #.......     32%         3    ####...
 Tukima's Dance           Hex            #.......     32%         3    ####...
 Dazzling Spray           Conj/Hex       #.....       50%         3    ####...


Dungeon Overview and Level Annotations

Branches:
Dungeon (1/15)

Altars:


Innate Abilities, Weirdness & Mutations

Your body is rotting away.
You thrive on raw meat.
You are immune to poison.
You have sharp fingernails.
You are carnivorous and can eat meat at any time.
Your flesh is cold resistant. (rC+)
You are immune to negative energy. (rN+++)
You do not regenerate when monsters are visible.
You are immune to unholy pain and torment.
You can survive without breathing.


Message History

Aiming: Ensorcelled Hibernation (safe; 28% risk of failure)
Press: ? - help, Shift-Dir - straight line, f - hobgoblin
Aim: a hobgoblin, wielding a +0 club (chance to defeat MR: 52%)
The hobgoblin resists with significant effort.
The hobgoblin hits you with a +0 club.
You barely miss the hobgoblin. The hobgoblin misses you.
You hit the hobgoblin.
The hobgoblin is heavily wounded.
The hobgoblin hits you with a +0 club.
* * * LOW HITPOINT WARNING * * *
Okay, then.
You barely miss the hobgoblin.
The hobgoblin is heavily wounded.
You hit the hobgoblin but do no damage.
The hobgoblin is heavily wounded.
The hobgoblin hits you but does no damage.
You closely miss the hobgoblin.
The hobgoblin is heavily wounded.
The hobgoblin hits you with a +0 club.
You die...

..# #.# #.# #.# #.## ##..
...# ..# #+## ...# #.#
#...# ...# #.# #.....
#.## ##.## #......
#.#########...####.......
................@g.....).
#.#########...####.......
#.# ##..# #...... #.#
##.# #..... #.##### #.#
#...# ......# #.# #+##
...##.# #.# ....#.# #.
......#


You could see a hobgoblin.

Vanquished Creatures
  A dart slug (D:1)
  A leopard gecko (D:1)
  2 bats (D:1)
  3 goblins (D:1)
  3 hobgoblins (D:1)
  A ball python (D:1)
  A frilled lizard (D:1)
  3 kobolds (D:1)
  A rat (D:1)
16 creatures vanquished.

Notes
Turn   | Place    | Note
-------+----------+-------------------------------------------
     0 | D:1      | Borgoz the Ghoul Enchanter began the quest for the Orb.
     0 | D:1      | Reached XP level 1. HP: 14/14 MP: 2/2
     4 | D:1      | Reached skill level 1 in Short Blades
   143 | D:1      | Reached XP level 2. HP: 20/20 MP: 3/3
   165 | D:1      | Learned a level 2 spell: Ensorcelled Hibernation
   822 | D:1      | Slain by a hobgoblin

Skill      XL: |  1  2 |
---------------+-------+-----
Short Blades   | 1 |  1.6
Dodging        | 2 |  2.0
Stealth        | |  3.5
Spellcasting   | |  1.7
Hexes          | |  2.6

Action                   || total
-------------------------++-------
Melee: Dagger            ||    65
 Cast: Ensorcelled Hiber ||     2
 Stab: Sleeping          ||     5
  Eat: Chunk             ||     3
Armor: Robe              ||    12
Dodge: Dodged            ||    33
